 Dungeon Crawl Stone Soup version 0.23-a0-701-gd76f34b (console) character file.

8110 bli the Basher (level 11, -8/62 HPs)
             Began as a Gargoyle Monk on Jan 12, 2019.
             Was an Elder of Hepliaklqana.
             Mangled by an eight-headed hydra (10 damage)
             ... on level 1 of the Lair of Beasts.
             The game lasted 00:52:46 (9672 turns).

bli the Basher (Gargoyle Monk)                      Turns: 9672, Time: 00:52:47

Health: -8/62      AC: 21    Str: 15    XL:     11   Next: 25%
Magic:  12/12      EV: 13    Int: 12    God:    Hepliaklqana [****..]
Gold:   480        SH:  0    Dex: 14    Spells: 10/10 levels left

rFire    . . .     SeeInvis .   a - +3 mace (holy)
rCold    . . .     Gourm    .   s - +3 buckler
rNeg     + . .     Faith    .   T - +0 ring mail
rPois    ∞         Spirit   .   y - +2 helmet
rElec    +         Reflect  .   I - +0 cloak
rCorr    .         Harm     .   S - +0 pair of gloves
MR       +....                  q - +0 pair of boots
Stlth    +.........             (no amulet)
HPRegen  0.20/turn              r - ring of protection from magic
MPRegen  0.13/turn              G - ring of stealth

@: confused
A: reduced essence, negative energy resistance 1, electricity resistance,
unbreathing, petrification resistance, rot immunity, AC +8
a: Recall Ancestor, Ancestor Identity, Transference, Idealise, Renounce Religion


You were on level 1 of the Lair of Beasts.
You worshipped Hepliaklqana.
Hepliaklqana was greatly pleased with you.
You were not hungry.

You visited 3 branches of the dungeon, and saw 12 of its levels.
You also visited: Sewer and Ossuary.

You collected 688 gold pieces.
You spent 208 gold pieces at shops.

Inventory:

Hand Weapons
 a - a +3 mace of holy wrath (weapon)
 b - the +2 quarterstaff "Caemu" {crush, Int+2}
   (You found it on level 9 of the Dungeon)

   It inflicts extra damage upon your enemies.
   It affects your intelligence (+2).
 H - a +4 quarterstaff of chaos
 L - the +4 hand axe of Abomination {chop, rElec MR- Dex+5 Stlth+}
   (You took it off an orc wizard on level 10 of the Dungeon)

   It inflicts extra damage upon your enemies.
   It affects your dexterity (+5).
   It insulates you from electricity.
   It affects your resistance to hostile enchantments.
   It makes you more stealthy.
Missiles
 j - 258 stones (quivered)
 A - 2 tomahawks of dispersal
 D - 3 tomahawks of returning
 P - 3 tomahawks
Armour
 e - a +0 chain mail
 p - a +0 leather armour
 q - a +0 pair of boots (worn)
 s - a +3 buckler (worn)
 v - a +0 scale mail
 y - a +2 helmet (worn)
 I - a +0 cloak (worn)
 S - a +0 pair of gloves (worn)
 T - a +0 ring mail (worn)
Jewellery
 r - a ring of protection from magic (left hand)
 t - an uncursed ring of protection from magic
 w - an uncursed ring of magical power
 G - a ring of stealth (right hand)
Wands
 g - a wand of digging (7)
 l - a wand of flame (7)
 V - a wand of polymorph (8)
 W - a wand of iceblast (5)
 Y - a wand of random effects (18)
 Z - a wand of paralysis (19)
Scrolls
 i - 3 scrolls of enchant weapon {unknown}
 k - 6 scrolls of remove curse
 m - 3 scrolls of enchant armour
 o - 7 scrolls of teleportation {unknown}
 u - 4 scrolls of blinking
 z - 4 scrolls of immolation {unknown}
 B - 3 scrolls of magic mapping {unknown}
 K - 3 scrolls of amnesia
 N - 2 scrolls of fog
 Q - a scroll of summoning {unknown}
 R - a scroll of torment
Potions
 d - 2 potions of haste {unknown}
 f - a potion of heal wounds {unknown}
 n - 3 potions of might {unknown}
 x - 8 potions of flight {unknown}
 C - a potion of cancellation
 E - 3 potions of brilliance {unknown}
 F - a potion of invisibility {unknown}
 J - a potion of berserk rage
 O - 4 potions of curing {unknown}
 U - 2 potions of mutation {unknown}
 X - 4 potions of lignification
Comestibles
 c - 21 rations
 h - 22 chunks of flesh


   Skills:
 + Level 8.8 Fighting
 + Level 11.7(12.1) Maces & Flails
 + Level 4.7(9.0) Staves
 + Level 5.5 Armour
 + Level 5.3 Dodging
 - Level 3.0 Stealth
 * Level 3.3 Shields
 + Level 2.0 Invocations
 + Level 1.3 Evocations


You had 10 spell levels left.
You didn't know any spells.
Your spell library contained the following spells:

 Spells                   Type           Power        Failure   Level  Hunger
 Beastly Appendage        Tmut           #.....       54%         1    ##.....
 Corona                   Hex            #......      54%         1    ##.....
 Freeze                   Ice            #...         54%         1    ##.....
 Slow                     Hex            #.......     69%         2    ###....
 Sticks to Snakes         Tmut           #.......     69%         2    ###....
 Throw Frost              Conj/Ice       #.....       69%         2    ###....
 Inner Flame              Hex/Fire       #.......     89%         3    ####...
 Ozocubu's Armour         Chrm/Ice       #.......     89%         3    ####...
 Portal Projectile        Hex/Tloc       #.....       89%         3    ####...
 Spider Form              Tmut/Pois      #.........   89%         3    ####...
 Cause Fear               Hex            #.........   100%        4    #####..
 Ice Form                 Ice/Tmut       #.......     100%        4    #####..
 Leda's Liquefaction      Hex/Erth       #.........   100%        4    #####..
 Summon Ice Beast         Ice/Summ       #.......     100%        4    #####..
 Throw Icicle             Conj/Ice       #.......     100%        4    #####..
 Blade Hands              Tmut           #.........   100%        5    ######.


Dungeon Overview and Level Annotations

Branches:
Dungeon (10/15)            Temple (1/1) D:6            Lair (1/6) D:8
    Orc: D:9-12

Altars:
Ashenzari
Cheibriados
Elyvilon
Gozag
Hepliaklqana
Makhleb
Nemelex Xobeh
Ru
Vehumet
The Shining One

Shops:
D:5 *


Innate Abilities, Weirdness & Mutations

You are resistant to torment.
Your stone body is resilient. (AC +8)
You are immune to poison.
You resist negative energy. (rN+)
You are resistant to electric shocks. (rElec)
You can survive without breathing.
You are immune to petrification.
You are immune to rotting.
Your life essence is reduced to manifest your ancestor. (-10% HP)


Message History

The eight-headed hydra is almost dead.
The water moccasin closely misses you. The eight-headed hydra misses you.
The eight-headed hydra bites you but does no damage.
The eight-headed hydra bites you.
* * * LOW HITPOINT WARNING * * *
The eight-headed hydra completely misses you.
The eight-headed hydra bites you.
* * * LOW HITPOINT WARNING * * *
You block the eight-headed hydra's attack.
The eight-headed hydra bites you but does no damage.
The eight-headed hydra barely misses you.
Henutemipet hits the eight-headed hydra with a +0 dagger of draining!
You are confused.
You feel invigorated.
The water moccasin bites you but does no damage. x2
The water moccasin closely misses you. The eight-headed hydra bites you.
* * * LOW HITPOINT WARNING * * *
The eight-headed hydra bites you but does no damage. x3
The eight-headed hydra bites you!
You die...

..# ..
#.....##...##....#
..# .
#......######....#
..#
##......######...##
..#
#................#
..#
.###...............#
..##
#..................#
.....
...................#
.....
................>..P#
......
........##.P##.#...##
......
........?RD.....#...#
.....
.........@.........##
.#+##
.#.#+#...SS.....#..#
# .. +........... .
#..#.......#
+..........♣
#.....≈≈≈P≈≈
......≈≈P≈≈P
P#..P...≈≈≈P≈


You could see the friendly Henutemipet the hexer, an eight-headed hydra and 2
water moccasins.

Vanquished Creatures
  Erica (D:8)
  A tengu warrior (D:10)
  A deep elf mage (D:10)
  A komodo dragon (Lair:1)
  Prince Ribbit (D:6)
  A warg (D:8)
  A water moccasin (Lair:1)
  2 sky beasts
  2 ogres (D:5)
  An orc warrior (D:6)
  2 phantoms (D:9)
  2 wolves (Lair:1)
  3 crocodiles
  2 centaurs
  A big kobold (D:9)
  3 elf zombies (Ossuary)
  2 bullfrogs
  A water moccasin skeleton (D:6)
  A wight (D:5)
  2 howler monkeys
  2 lava snakes (D:10)
  4 centaur zombies (Ossuary)
  6 crimson imps
  3 hounds
  8 orc priests
  Crazy Yiuf (D:3)
  3 human zombies (Ossuary)
  5 jellies
  3 orc wizards
  Jessica (D:3)
  3 iguanas
  4 worker ants
  A hound skeleton (D:6)
  3 mummies (Ossuary)
  Robin (D:3)
  A howler monkey skeleton (D:6)
  6 adders
  2 oozes
  An adder skeleton (D:6)
  An adder zombie (D:6)
  4 worms
  2 dart slugs (D:1)
  7 leopard geckos
  15 orcs
  11 bats
  4 giant cockroaches
  19 goblins
  6 hobgoblins
  15 jackals
  2 quokkas
  10 frilled lizards
  13 kobolds
  5 rats
203 creatures vanquished.

Vanquished Creatures (collateral kills)
  Nergalle (D:10)
  A deep elf mage (D:10)
  2 wargs (D:8)
  2 ice beasts
  An orc warrior (D:10)
  An ogre (D:9)
  A wolf (Lair:1)
  A crocodile (Lair:1)
  A bullfrog (D:5)
  An elf zombie (Ossuary)
  A scorpion (D:6)
  A wight (D:5)
  A howler monkey (D:8)
  A centaur zombie (Ossuary)
  A jelly (D:7)
  An orc priest (D:9)
  3 hounds
  3 orc wizards
  An iguana (D:4)
  3 worker ants
  A hound skeleton (D:5)
  2 adders
  A shadow imp (D:10)
  2 worms
  A leopard gecko (D:7)
  8 orcs
  A ball python (Sewer)
  4 bats (Sewer)
  7 jackals
  2 frilled lizards (D:4)
  A jackal zombie (D:5)
58 creatures vanquished.

Vanquished Creatures (others)
  A lava snake (D:10)
  A hexer (Ossuary)
  2 fungi (Lair:1)
  A plant (Lair:1)
5 creatures vanquished.

Grand Total: 266 creatures vanquished

Notes
Turn   | Place    | Note
-------+----------+-------------------------------------------
     0 | D:1      | bli the Gargoyle Monk began the quest for the Orb.
     0 | D:1      | Reached XP level 1. HP: 14/14 MP: 1/1
   327 | D:1      | Reached XP level 2. HP: 17/19 MP: 2/2
   694 | D:1      | Reached XP level 3. HP: 23/24 MP: 3/3
  1006 | D:2      | Reached skill level 4 in Maces & Flails
  1708 | D:3      | Found a glowing golden altar of the Shining One.
  1714 | D:3      | Reached XP level 4. HP: 29/29 MP: 4/4
  1733 | D:3      | Noticed Robin
  1774 | D:3      | Killed Robin
  1774 | D:3      | Reached skill level 1 in Armour
  1884 | D:3      | Reached XP level 5. HP: 17/33 MP: 5/5
  1891 | D:3      | Found a glowing golden altar of the Shining One.
  1908 | D:3      | Found a faded altar of an unknown god.
  1961 | D:3      | Noticed Jessica
  1976 | D:3      | Killed Jessica
  1976 | D:3      | Reached skill level 5 in Maces & Flails
  2089 | D:3      | Found a snail-covered altar of Cheibriados.
  2133 | D:3      | HP: 1/33 [orc/+0 short sword (1)]
  2521 | D:4      | Found a hazy altar of Hepliaklqana.
  2524 | D:4      | Became a worshipper of Hepliaklqana the Forgotten
  2524 | D:4      | Reached * piety under Hepliaklqana
  2524 | D:4      | Reached ** piety under Hepliaklqana
  2525 | D:4      | Remembered your ancestor Henutemipet as a hexer
  2595 | D:4      | Found a shattered altar of Ashenzari.
  2717 | D:4      | Reached XP level 6. HP: 34/34 MP: 6/6
  3141 | D:3      | Found a runed door.
  3145 | D:3      | Noticed Crazy Yiuf
  3151 | D:3      | Killed Crazy Yiuf
  3151 | D:3      | Reached skill level 6 in Maces & Flails
  3657 | D:4      | Reached XP level 7. HP: 37/39 MP: 7/7
  3939 | D:5      | Entered Level 5 of the Dungeon
  3944 | D:5      | Found an opulent altar of Gozag.
  3949 | D:5      | Reached *** piety under Hepliaklqana
  4172 | D:5      | Found Ticzyap's Assorted Antiques.
  4184 | D:5      | Bought a scroll of identify for 48 gold pieces
  4184 | D:5      | Bought a scroll of identify for 48 gold pieces
  4184 | D:5      | Bought a scroll of identify for 48 gold pieces
  4187 | D:5      | Bought a lumpy golden potion for 21 gold pieces
  4187 | D:5      | Bought 2 sapphire potions for 43 gold pieces
  4213 | D:5      | Found a transporter.
  4219 | D:5      | Found a transporter.
  4226 | D:5      | Found a sacrificial altar of Ru.
  4361 | D:5      | Reached skill level 7 in Maces & Flails
  4659 | D:6      | Reached XP level 8. HP: 6/43 MP: 8/8
  4820 | D:6      | Noticed Prince Ribbit
  4834 | D:6      | Killed Prince Ribbit
  4834 | D:6      | Reached skill level 5 in Fighting
  4834 | D:6      | Reached skill level 8 in Maces & Flails
  5171 | D:6      | Found a glowing drain.
  5181 | D:6      | Reached skill level 9 in Maces & Flails
  5192 | Sewer    | Entered a sewer
  5835 | D:6      | Found a staircase to the Ecumenical Temple.
  5843 | Temple   | Entered the Ecumenical Temple
  5963 | D:7      | Reached XP level 9. HP: 48/48 MP: 9/9
  5998 | D:7      | Reached **** piety under Hepliaklqana
  6170 | D:7      | Reached skill level 10 in Maces & Flails
  6181 | D:7      | Found a sand-covered staircase.
  6205 | Ossuary  | Entered an ossuary
  6566 | D:7      | Found a sparkling altar of Nemelex Xobeh.
  6876 | D:8      | Found a radiant altar of Vehumet.
  6905 | D:8      | Found a glowing golden altar of the Shining One.
  7163 | D:8      | Found a staircase to the Lair.
  7165 | D:8      | Noticed Erica
  7202 | D:8      | Reached XP level 10. HP: 43/56 MP: 10/10
  7222 | D:8      | Killed Erica
  7222 | D:8      | Reached skill level 11 in Maces & Flails
  7875 | D:9      | Got a dazzling quarterstaff
  7884 | D:9      | Identified the cursed +2 quarterstaff "Caemu" {crush,
                  | Int+2} (You found it on level 9 of the Dungeon)
  8033 | D:9      | Reached skill level 1 in Staves
  8407 | D:10     | Entered Level 10 of the Dungeon
  8447 | D:10     | Identified the +4 hand axe of Abomination {chop, rElec MR-
                  | Dex+5 Stlth+}
  8497 | D:10     | Reached skill level 1 in Invocations
  8640 | D:10     | Noticed Nergalle
  8874 | D:10     | Found a sparkling altar of Nemelex Xobeh.
  8874 | D:10     | Noticed a deep elf mage
  8875 | D:10     | Noticed a deep elf mage
  8881 | D:10     | Killed a deep elf mage
  8881 | D:10     | Reached skill level 1 in Shields
  8886 | D:10     | Killed a deep elf mage
  8886 | D:10     | Reached skill level 5 in Armour
  9150 | D:10     | Noticed a tengu warrior
  9151 | D:10     | Noticed a spectral orc warlord
  9167 | D:10     | Killed Nergalle
  9167 | D:10     | Reached skill level 5 in Dodging
  9167 | D:10     | Reached skill level 1 in Evocations
  9167 | D:10     | Reached XP level 11. HP: 23/62 MP: 12/12
  9186 | D:10     | Killed a tengu warrior
  9511 | Lair:1   | Entered Level 1 of the Lair of Beasts
  9661 | Lair:1   | Noticed an eight-headed hydra
  9671 | Lair:1   | HP: 1/62 [eight-headed hydra (5)]
  9672 | Lair:1   | Mangled by an eight-headed hydra

Vault maps used:
D:1:      giann_horns, serial_co_window_serial, co_window_paths_a,
          co_window_paths_a, co_window_paths_a, co_window_cross_1,
          co_window_paths_b, co_window_broadway_a, co_window_corner_cb,
          co_window_corner_b, co_window_unsneaky_path_e, glass_columns_b,
          glass_columns_c, glass_columns_c, glass_columns_a, glass_columns_c,
          solitary_fountain
D:2:      first_ration, nicolae_underground_beach
D:3:      old_standard_altar, tso_oasis_becter,
          chequers_ecumenical_altar_simple_redux, minivault_24,
          lemuel_statue_altar, uniq_robin, uniq_crazy_yiuf_cottage, uniq_jessica
D:4:      kennysheep_mini_moat, lemuel_crystal_altar, chequers_big_river,
          minmay_lizard_king
D:5:      lemuel_crystal_altar, gammafunk_temple_overflow_arena, serial_shops,
          nicolae_shop_trees
D:6:      minmay_temple_entry_fiery, cheibrodos_sewer_entry_bend,
          uniq_prince_ribbit1
D:7:      nemelex_xobeh_ov_fountains_minmay, enter_ossuary_1,
          kennysheep_generic_room_2
D:8:      fiery_altar_vehumet, erik_lair_orcish_takeover, basic_altar,
          uniq_erica
D:10:     grunt_tengu_nest, david_defended_altar_elf, uniq_nergalle
Temple:   eino_temple_water
Lair:1:   enter_volcano_1, gauntlet_entry_generic, grunt_megastairs_3,
          lemuel_fruit_fields, lemuel_fruit_fields, serial_bayou_shore_a
Sewer:    sewer_fruit_machine
Ossuary:  ossuary_minmay_four_chambers

Skill      XL: |  1  2  3  4  5  6  7  8  9 10 11 |
---------------+----------------------------------+-----
Maces & Flails | 4 5 6 7 9 10 11 | 11.7
Armour         | 1 2 3 5 |  5.5
Fighting       | 4 5 7 8 |  8.8
Stealth        | 3 |  3.0
Dodging        | 3 4 5 |  5.3
Staves         | 4 |  4.7
Invocations    | 2 |  2.0
Shields        | 2 3 |  3.3
Evocations     | 1 |  1.3

Action                   |  1- 3 |  4- 6 |  7- 9 | 10-12 || total
-------------------------+-------+-------+-------+-------++-------
Melee: Mace              |   136 |   223 |   354 |   149 ||   862
       Quarterstaff      |       |       |       |    80 ||    80
Throw: Tomahawk          |       |       |     7 |     2 ||     9
       Stone             |       |       |    11 |     3 ||    14
Invok: Ancestor Life: He |       |     1 |       |       ||     1
Evoke: Wand              |       |       |       |    10 ||    10
  Use: Scroll            |     1 |     4 |     9 |     6 ||    20
       Potion            |       |       |       |     1 ||     1
 Stab: Sleeping          |     2 |     2 |     2 |     3 ||     9
       Distracted        |       |     1 |     3 |     3 ||     7
       Confused          |       |     1 |     2 |     2 ||     5
  Eat: Chunk             |     2 |     7 |    12 |     8 ||    29
Armor: Robe              |    36 |       |       |       ||    36
       Leather armour    |    21 |   109 |   157 |     6 ||   293
       Ring mail         |       |       |       |   128 ||   128
Dodge: Dodged            |    99 |   164 |   257 |   138 ||   658
Block: Buckler           |       |       |       |    35 ||    35

Table legend:
 A = Non-vault XP
 B = Vault XP
 C = Vault XP percentage of total XP
 D = Non-vault monster count
 E = Vault monster count
 F = Vault count percentage of total count
                 A         B        C        D         E       F
            +---------+---------+-------+---------+---------+-------
      Total |    5658 |    5929 |  51.2 |     186 |      76 |  29.0
            +---------+---------+-------+---------+---------+-------
        D:1 |      41 |       0 |   0.0 |      21 |       0 |   0.0
        D:2 |      37 |       0 |   0.0 |      20 |       0 |   0.0
        D:3 |     250 |     109 |  30.4 |      25 |      13 |  34.2
        D:4 |     154 |      50 |  24.5 |      12 |       9 |  42.9
        D:5 |     331 |     237 |  41.7 |      12 |       4 |  25.0
        D:6 |     656 |     301 |  31.5 |      19 |       3 |  13.6
        D:7 |     981 |       2 |   0.2 |      23 |       1 |   4.2
        D:8 |     555 |    1484 |  72.8 |      13 |       9 |  40.9
        D:9 |     848 |       0 |   0.0 |      18 |       0 |   0.0
       D:10 |     626 |    2905 |  82.3 |      15 |       4 |  21.1
     Lair:1 |    1179 |       0 |   0.0 |       8 |       0 |   0.0
      Sewer |       0 |      40 | 100.0 |       0 |      18 | 100.0
    Ossuary |       0 |     801 | 100.0 |       0 |      15 | 100.0
            +---------+---------+-------+---------+---------+-------
